 Dungeon Crawl Stone Soup version 0.23-a0-577-g2b1de944cd (webtiles) character file.

63 Fandomethor the Poker (level 4, -1/35 HPs)
             Began as a Merfolk Gladiator on Dec 14, 2018.
             Succumbed to an adder's poison
             ... on level 2 of the Dungeon.
             The game lasted 00:01:24 (943 turns).

Fandomethor the Poker (Merfolk Gladiator)            Turns: 943, Time: 00:01:25

Health: -1/35      AC: 11    Str: 14 (15) XL:     4   Next: 9%
Magic:  4/4        EV:  5    Int:  4 (7)  God:
Gold:   54         SH:  0    Dex: 14 (15) Spells: 3/3 levels left

rFire    . . .     SeeInvis .   a - +0 trident
rCold    . . .     Gourm    .   (no shield)
rNeg     . . .     Faith    .   l - +0 plate armour
rPois    .         Spirit   .   c - +0 helmet
rElec    .         Reflect  .   (no cloak)
rCorr    .         Harm     .   (no gloves)
MR       .....                  (no boots)
Stlth    ..........             (no amulet)
HPRegen  0.11/turn              (no ring)
MPRegen  0.09/turn              (no ring)

@: lethally poisoned (-1 -> -21), flying, hasted, very quick
A: change form in water, swift swim, stealthy swim
a: no special abilities


You were on level 2 of the Dungeon.
You were not hungry.

You visited 1 branch of the dungeon, and saw 2 of its levels.

You collected 54 gold pieces.

Inventory:

Hand Weapons
 a - a +0 trident (weapon)
Missiles
 d - 3 throwing nets (quivered)
Armour
 c - a +0 helmet (worn)
 l - a +0 plate armour (worn)
Scrolls
 b - a scroll of teleportation {unknown}
 g - a scroll of noise {unknown}
 i - a scroll of fog {unknown}
 k - 3 scrolls of identify {unknown}
Comestibles
 f - 3 rations


   Skills:
 + Level 3.0 Fighting
 + Level 5.2 Polearms
 - Level 2.0 Throwing
 + Level 1.0 Armour
 + Level 4.7 Dodging


You had 3 spell levels left.
You didn't know any spells.
Your spell library was empty.

Dungeon Overview and Level Annotations

Branches:
Dungeon (2/15)

Altars:
Gozag


Message History

The adder is severely wounded.
* * * LOW HITPOINT WARNING * * *
You feel sick. The adder barely misses you.
You barely miss the adder.
The adder is severely wounded.
* * * LOW HITPOINT WARNING * * *
You feel sick. The adder bites you.
* * * LOW HITPOINT WARNING * * *
You are more poisoned.
The adder poisons you!
Unknown command.
You closely miss the adder.
The adder is severely wounded.
* * * LOW HITPOINT WARNING * * *
You feel sick. The adder bites you but does no damage.
You puncture the adder!
You kill the adder!
Your Fighting skill increases to level 3!
You have reached level 4!
You die...

#......)...#
#..........##
#...........## ####.
##............# #.....
##..........#..# #......
...#........#..# .......
###............##.......
#.....................
###.............@.......
......>.................
....................<...
........................
......(.................
........#...............
........................
.......#...>............
.....#.<..........


There were no monsters in sight!

Vanquished Creatures
  An adder (D:2)
  2 oozes
  A dart slug (D:1)
  4 leopard geckos
  A giant cockroach (D:1)
  12 goblins
  A hobgoblin (D:1)
  4 kobolds
  5 frilled lizards
  7 rats
38 creatures vanquished.

Notes
Turn   | Place    | Note
-------+----------+-------------------------------------------
     0 | D:1      | Fandomethor the Merfolk Gladiator began the quest for the
                  | Orb.
     0 | D:1      | Reached XP level 1. HP: 16/16 MP: 1/1
    48 | D:1      | Reached XP level 2. HP: 23/23 MP: 2/2
   304 | D:1      | Reached XP level 3. HP: 28/28 MP: 3/3
   713 | D:2      | Reached skill level 5 in Polearms
   727 | D:2      | Found an opulent altar of Gozag.
   900 | D:2      | Reached skill level 1 in Armour
   942 | D:2      | HP: 1/28 [poisoned by an adder]
   943 | D:2      | Reached XP level 4. HP: 1/35 MP: 4/4
   943 | D:2      | Succumbed to an adder's poison

Vault maps used:
D:1:      lordsloth_arrival_two_stooges
D:2:      grunt_gozag_statues, uniq_jessica

Skill      XL: |  1  2  3 |
---------------+----------+-----
Polearms       | 5 |  5.2
Armour         | 1 |  1.0
Fighting       | 3 |  3.0
Throwing       | |  2.0
Dodging        | |  4.7

Action                   |  1- 3 |  4- 6 || total
-------------------------+-------+-------++-------
Melee: Trident           |   109 |       ||   109
  Use: Potion            |     3 |       ||     3
 Stab: Sleeping          |     4 |       ||     4
Armor: Leather armour    |     5 |       ||     5
       Plate armour      |    26 |       ||    26
Dodge: Dodged            |    34 |       ||    34

Table legend:
 A = Non-vault XP
 B = Vault XP
 C = Vault XP percentage of total XP
 D = Non-vault monster count
 E = Vault monster count
 F = Vault count percentage of total count
                 A         B        C        D         E       F
            +---------+---------+-------+---------+---------+-------
      Total |      90 |       0 |   0.0 |      38 |       0 |   0.0
            +---------+---------+-------+---------+---------+-------
        D:1 |      48 |       0 |   0.0 |      23 |       0 |   0.0
        D:2 |      42 |       0 |   0.0 |      15 |       0 |   0.0
            +---------+---------+-------+---------+---------+-------
